 Dungeon Crawl Stone Soup version 0.31-a0-1469-gd420192249 (webtiles) character file.

Game seed: 13235485955780144165

945 IdlyInterested the Changeling (level 7, -3/52 HPs)
             Began as a Demonspawn Shapeshifter on Dec 28, 2023.
             Killed from afar by a steam dragon (14 damage)
             ... with a ball of steam
             ... on level 6 of the Dungeon.
             The game lasted 00:10:38 (4019 turns).

IdlyInterested the Changeling (DsSh)                Turns: 4019, Time: 00:10:38

Health: -3/52      AC:  8    Str: 15 (16) XL:     7   Next: 89%
Magic:  7/7        EV: 13    Int: 10      God:
Gold:   327        SH:  0    Dex: 15      Spells: 6/6 levels left

rFire   . .          .
                       - Unarmed
rCold   . . .        (no shield)
rNeg    + . .        D - +2 robe {rN+}
rPois   .            (helmet currently unavailable)
rElec   .            (cloak currently unavailable)
rCorr   .            e - melded +0 pair of gloves
SInv    .            (boots currently unavailable)
Will    +....        (no amulet)
Stlth   ++           H - +4 ring of protection
HPRegen 0.28/turn    I - ring of flight
MPRegen 0.10/turn

%: no passive effects
@: beast-form, flying
A: beast (slay +3), powered by death 1, powered by pain 1, demonic touch 2,
horns 1, thin skeletal structure 1, deterioration 1, strong-willed 1
a: Begin Untransformation


You were on level 6 of the Dungeon.
You were a hulking beast.
You visited 1 branch of the dungeon, and saw 6 of its levels.

You collected 327 gold pieces.

Inventory:

Hand Weapons
 m - a +0 dagger
 p - a +0 spear
 u - a +2 short sword of distortion
 E - a +0 war axe
 F - a +0 flail
 J - a +0 falchion
 K - a +1 dagger of venom
Missiles
 o - 33 stones (quivered)
 A - 15 poisoned darts
 C - 3 boomerangs
Armour
 a - the +0 ring mail of the Wicked God {rC+}
   (You found it on level 4 of the Dungeon)

   rC+:       It protects you from cold.
 e - a +0 pair of gloves (melded)
 i - a +0 robe
 j - a +0 leather armour
 n - an orb of light
 r - a +0 plate armour
 D - a +2 robe of positive energy (worn)
Jewellery
 l - an amulet of faith
 H - a +4 ring of protection (left hand)
 I - a ring of flight (right hand)
 L - a ring of willpower
Talismans
 c - a beast talisman (active)
 d - a flux talisman
Wands
 y - a wand of flame (17)
 O - a wand of light (4)
Scrolls
 g - 2 scrolls of enchant weapon
 q - 2 scrolls of teleportation
 x - a scroll of fear
 z - a scroll of enchant armour
 G - 6 scrolls of revelation {unknown}
 M - a scroll of noise {unknown}
Potions
 b - 3 potions of lignification
 h - a potion of attraction {unknown}
 k - a potion of magic {unknown}
 s - a potion of haste {unknown}
 t - a potion of enlightenment {unknown}
 v - a potion of degeneration {unknown}
 w - a potion of cancellation
 B - a potion of ambrosia {unknown}
 N - a potion of berserk rage {unknown}


   Skills:
 - Level 3.0 Fighting
 + Level 3.8 Dodging
 - Level 3.0 Unarmed Combat
 * Level 6.9 Shapeshifting


You had 6 spell levels left.
You didn't know any spells.
Your spell library contained the following spells:

 Spells                   Type           Power      Damage    Failure   Level
 Sting                    Conj/Alch      0%         1d3       36%         1
 Mercury Vapours          Alch/Air       0%         N/A       50%         2
 Gell's Gravitas          Tloc           0%         N/A       75%         3
 Teleport Other           Tloc           0%         N/A       75%         3
 Manifold Assault         Tloc           0%         N/A       98%         4
 Olgreb's Toxic Radiance  Alch           0%         N/A       98%         4
 Dispersal                Tloc           0%         N/A       100%        6
 Disjunction              Tloc           0%         N/A       100%        8


Dungeon Overview and Level Annotations

Branches:
Dungeon (6/15)
 Temple: D:4-7

Altars:
Cheibriados


Innate Abilities, Weirdness & Mutations

You are a hulking beast.
Your limbs bulge with bestial killing power. (Slay +3)
You regenerate a little health from kills.
You sometimes gain a little power by taking damage.
Your touch may inflict irresistible damage on your foes.
You have a pair of small horns on your head.
You have a somewhat thin skeletal structure. (Dex +2, Stealth+)
Your body sometimes deteriorates upon taking damage.
You are strong-willed. (Will+)


Message History

You hit the steam dragon but do no damage.
The steam dragon is lightly wounded.
You are engulfed in a cloud of scalding steam.
Your body deteriorates!
You feel weakened. The steam dragon bites you. The steam dragon misses you.
The steam dragon bites you but does no damage.
The steam dragon barely misses you.
You hit the steam dragon but do no damage.
You headbutt the steam dragon.
The steam dragon is moderately wounded.
The steam dragon barely misses you.
The steam dragon claws you but does no damage.
You hit the steam dragon. You headbutt the steam dragon.
The steam dragon is heavily wounded.
You hit the steam dragon. Your headbutt misses the steam dragon.
The steam dragon is heavily wounded.
The steam dragon barely misses you. The steam dragon closely misses you.
You hit the steam dragon. You headbutt the steam dragon.
The steam dragon is almost dead.
The steam dragon breathes steam at you. The ball of steam misses you.
The steam dragon misses you.
The steam dragon claws you but does no damage.
You closely miss the steam dragon.
The steam dragon is severely wounded.
The steam dragon closely misses you.
The steam dragon claws you but does no damage.
The steam dragon breathes steam at you. The ball of steam hits you!
* * * LOW HITPOINT WARNING * * *
You hit the steam dragon but do no damage.
The steam dragon is severely wounded.
The steam dragon bites you.
* * * LOW HITPOINT WARNING * * *
The steam dragon misses you.
You hit the steam dragon but do no damage.
The steam dragon is severely wounded.
The steam dragon breathes steam at you. The ball of steam hits you!
You die...

.# #. .# .#
....# # $.
.#..# .###.
....#
....#....#
##.#...#.# #
#.#D.#...#
#).#..h....#
#.)..§...#
#####.#..#
#........#
#?.#.......#
#.#..#..†###
##.#...#...#
#....#....#.#
#.###......#.#
.


You could see a steam dragon (catching breath).

Vanquished Creatures
  Duvessa (D:5)
  An ogre (D:5)
  A black bear (D:5)
  A phantom (D:4)
  Dowan (D:5)
  A howler monkey (D:4)
  A jelly (D:5)
  3 hounds
  An iron imp (D:4)
  Ijyb (D:5)
  3 iguanas
  3 orc wizards (D:4)
  4 gnolls (D:5)
  7 adders
  A white imp (D:5)
  2 ufetubi (D:6)
  A worm (D:3)
  A dart slug (D:5)
  13 orcs
  3 ball pythons
  4 endoplasms
  4 giant cockroaches
  3 goblins
  4 hobgoblins (D:2)
  3 quokkas
  4 bats
  3 kobolds
  10 rats
85 creatures vanquished.

Notes
Turn   | Place    | Note
-------+----------+-------------------------------------------
     0 | D:1      | IdlyInterested the Demonspawn Shapeshifter began the quest
                  | for the Orb.
     0 | D:1      | Reached XP level 1. HP: 15/15 MP: 1/1
   326 | D:1      | Reached skill level 3 in Shapeshifting
   856 | D:2      | Gained mutation: Your touch may inflict minor irresistible
                  | damage on your foes. [demonic ancestry]
   856 | D:2      | Reached XP level 2. HP: 21/21 MP: 2/2
  1115 | D:2      | Gained mutation: You sometimes gain a little power by
                  | taking damage. [demonic ancestry]
  1115 | D:2      | Reached XP level 3. HP: 26/26 MP: 3/3
  1488 | D:2      | Found a faded altar of an unknown god.
  1520 | D:3      | Gained mutation: Your body sometimes deteriorates upon
                  | taking damage. [potion of mutation]
  1522 | D:3      | Lost mutation: Your body sometimes deteriorates upon taking
                  | damage. [potion of mutation]
  1522 | D:3      | Gained mutation: You are strong-willed. (Will+) [potion of
                  | mutation]
  1522 | D:3      | Gained mutation: You have a pair of small horns on your
                  | head. [potion of mutation]
  1522 | D:3      | Gained mutation: Your body sometimes deteriorates upon
                  | taking damage. [potion of mutation]
  1522 | D:3      | Gained mutation: You have a somewhat thin skeletal
                  | structure. (Dex +2, Stealth+) [potion of mutation]
  2125 | D:4      | Noticed a phantom
  2133 | D:4      | Killed a phantom
  2134 | D:4      | Reached skill level 4 in Shapeshifting
  2134 | D:4      | Reached XP level 4. HP: 16/33 MP: 4/4
  2227 | D:4      | Gained mutation: Your touch may inflict irresistible damage
                  | on your foes. [demonic ancestry]
  2227 | D:4      | Reached XP level 5. HP: 35/38 MP: 5/5
  2461 | D:4      | Identified the +0 ring mail of the Wicked God {rC+}
  2539 | D:4      | Found a snail-covered altar of Cheibriados.
  2728 | D:4      | Reached skill level 5 in Shapeshifting
  2728 | D:4      | Reached XP level 6. HP: 40/44 MP: 6/6
  3025 | D:5      | Entered Level 5 of the Dungeon
  3296 | D:5      | Gained mutation: You regenerate a little health from kills.
                  | [demonic ancestry]
  3296 | D:5      | Reached XP level 7. HP: 30/51 MP: 7/7
  3315 | D:5      | Reached skill level 6 in Shapeshifting
  3443 | D:5      | Noticed Dowan
  3443 | D:5      | Noticed Duvessa
  3474 | D:5      | Killed Duvessa
  3488 | D:5      | Killed Dowan
  3749 | D:5      | Noticed Ijyb
  3758 | D:5      | Killed Ijyb
  4000 | D:6      | Noticed a steam dragon
  4019 | D:6      | Killed from afar by a steam dragon

Illustrated notes

Levels and vault maps discovered:
D:1:      lightli_arrival_statuegarden, layout_loops_ring,
          kennysheep_minor_cross, minmay_rat_gold_closets
D:2:      layout_basic, shapermc_ecumenical_altar_mp_urbaneastern,
          grunt_ministairs_3, minmay_strange_pillars
D:3:      layout_basic, nicolae_titane
D:4:      layout_basic, slow_altar_1, kennysheep_generic_room_6
D:5:      layout_loops_cross, uniq_duvessa, uniq_ijyb
D:6:      layout_loops_ring, fedhas_bush_and_centaur_altar,
          minmay_increasing_density, uniq_blork_the_orc, uniq_grinder,
          uniq_edmund, uniq_crazy_yiuf_cottage, uniq_jeremiah, uniq_pikel

Skill      XL: |  1  2  3  4  5  6  7 |
---------------+----------------------+-----
Dodging        | 2 3 |  3.8
Shapeshifting  | 3 4 5 6 |  6.9
Fighting       | 2 3 |  3.0
Unarmed Combat | 3 |  3.0

Action                     |  1- 3 |  4- 6 |  7- 9 || total
---------------------------+-------+-------+-------++-------
  Melee: Unarmed           |    73 |    76 |    63 ||   212
         Touch             |    12 |     9 |    14 ||    35
         Headbutt          |     4 |    11 |    20 ||    35
         Punch             |       |     1 |     1 ||     2
  Throw: Stone             |     1 |       |     3 ||     4
    Use: Scroll            |     3 |       |     1 ||     4
         Potion            |     3 |       |     1 ||     4
   Stab: Sleeping          |     3 |     4 |     1 ||     8
 Armour: Animal skin       |     6 |       |       ||     6
         Leather armour    |     8 |       |       ||     8
         Robe              |     1 |    32 |    52 ||    85
         Plate armour      |    29 |    15 |       ||    44
  Dodge: Dodged            |    30 |    36 |    51 ||   117
   Form: Beast             |     1 |       |       ||     1
         Flux              |     1 |       |       ||     1

Table legend: (Time is in decaauts)
 A = Elapsed time spent in this place.
 B = Non-inter-level travel time spent in this place.
 C = Inter-level travel time spent in this place.
 D = Time resting spent in this place.
 E = Time spent auto-exploring this place.
 F = Levels seen in this place.
 G = Mean time per level.
                   A        B        C        D        E       F      G
               +--------+--------+--------+--------+--------+-----+--------+
         Total |   4006 |   3904 |    102 |    117 |   2892 |   6 |  667.7 |
       Dungeon |   4006 |   3904 |    102 |    117 |   2892 |   6 |  667.7 |
               +--------+--------+--------+--------+--------+-----+--------+

Top non-repeatable levels by time:
     D:4: 907 daAuts
     D:5: 892 daAuts
     D:1: 827 daAuts
     D:2: 687 daAuts
     D:3: 606 daAuts
     D:6: 85 daAuts
